 Dungeon Crawl Stone Soup version 0.24-a0-517-gd52e2fb (webtiles) character file.

Game seed: 11315708551514420471

64 DinnerBoy7 the Skirmisher (level 3, -3/33 HPs)
             Began as a Draconian Fighter on July 23, 2019.
             Was a Follower of Elyvilon.
             Slain by a goblin
             ... wielding a +0 dagger
             ... led by Robin
              (5 damage)
             ... on level 3 of the Dungeon.
             The game lasted 00:06:18 (2063 turns).

DinnerBoy7 the Skirmisher (Draconian Fighter)       Turns: 2063, Time: 00:06:20

Health: -3/33      AC:  5    Str: 24    XL:     3   Next: 91%
Magic:  4/4        EV: 10    Int:  8    God:    Elyvilon [*.....]
Gold:   112        SH:  9    Dex: 10    Spells: 3/3 levels left

rFire    . . .     SeeInvis .   a - +0 trident
rCold    . . .     Gourm    .   b - +0 shield
rNeg     . . .     Faith    .   (armour unavailable)
rPois    .         Spirit   .   (helmet restricted)
rElec    .         Reflect  .   (no cloak)
rCorr    .         Harm     .   (no gloves)
MR       .....                  (no boots)
Stlth    +.........             (no amulet)
HPRegen  0.11/turn              (no ring)
MPRegen  0.09/turn              (no ring)

@: mighty
A: unfitting armour, cold-blooded, AC +5
a: Lesser Healing, Divine Protection, Renounce Religion


You were on level 3 of the Dungeon.
You worshipped Elyvilon.
Elyvilon was aware of your devotion.
You were not hungry.

You visited 1 branch of the dungeon, and saw 3 of its levels.

You collected 112 gold pieces.

Inventory:

Hand Weapons
 a - a +0 trident (weapon)
Missiles
 f - 5 javelins (quivered)
 i - 84 stones
Armour
 b - a +0 shield (worn)
Scrolls
 e - a scroll of teleportation
 g - 3 scrolls of remove curse
 l - 3 scrolls of amnesia
Potions
 h - a potion of resistance
Comestibles
 d - a ration


   Skills:
 + Level 3.8 Fighting
 + Level 2.4 Polearms
 + Level 3.1 Dodging
 + Level 3.4 Shields
 - Level 0.7 Spellcasting
 + Level 0.6 Invocations


You had 3 spell levels left.
You didn't know any spells.
Your spell library was empty.

Dungeon Overview and Level Annotations

Branches:
Dungeon (3/15)

Altars:
Ashenzari
Elyvilon
Makhleb
Yredelemnul

Annotations:
D:3 Robin


Innate Abilities, Weirdness & Mutations

Your plain brown scales are hard. (AC +5)
You cannot fit into any form of body armour.
You are cold-blooded and may be slowed by cold attacks.


Message History

You feel better. You block the bat's attack.
The rat bites you but does no damage. The goblin hits you but does no damage.
You block the goblin's attack. The bat barely misses you.
You impale the rat!!
You kill the rat!
The bat barely misses you. You block the goblin's attack.
The goblin hits you with a +0 dagger.
Your shield prevents you from hitting Robin.
The bat barely misses you. Robin hits you with a +0 dagger.
* * * LOW HITPOINT WARNING * * *
The goblin hits you.
* * * LOW HITPOINT WARNING * * *
You block the goblin's attack.
You hit Robin. You tail-slap Robin!
Robin is almost dead.
The bat closely misses you. You block the bat's attack. x2
Robin closely misses you. The goblin hits you.
* * * LOW HITPOINT WARNING * * *
The goblin hits you with a +0 dagger.
You die...

# # ############ #
#.........g######+#
#
#.........b@g......
#
#.........g##......
# #..........#
..... #
#..........# ....
#######.........#
...
.....##.........#
..
.....##......#### .
.....##......#
.....##......#


You could see Robin, 2 goblins and a bat.

Vanquished Creatures
  2 oozes (D:1)
  A worm (D:2)
  A dart slug (D:1)
  A leopard gecko (D:2)
  6 bats
  2 giant cockroaches (D:2)
  6 hobgoblins
  2 jackals (D:2)
  4 kobolds (D:1)
  A quokka (D:2)
  3 frilled lizards
  11 goblins
  5 rats
45 creatures vanquished.

Notes
Turn   | Place    | Note
-------+----------+-------------------------------------------
     0 | D:1      | DinnerBoy7 the Draconian Fighter began the quest for the
                  | Orb.
     0 | D:1      | Reached XP level 1. HP: 19/19 MP: 1/1
   264 | D:1      | Reached XP level 2. HP: 26/26 MP: 2/2
   529 | D:1      | Reached XP level 3. HP: 31/31 MP: 2/4
   863 | D:2      | Found a white marble altar of Elyvilon.
   883 | D:2      | Became a worshipper of Elyvilon the Healer
  1212 | D:2      | Found a basalt altar of Yredelemnul.
  1212 | D:2      | Found a shattered altar of Ashenzari.
  1213 | D:2      | Found a burning altar of Makhleb.
  1356 | D:2      | Found a faded altar of an unknown god.
  1652 | D:2      | Reached * piety under Elyvilon
  2033 | D:3      | Noticed Robin
  2059 | D:3      | HP: 1/33 [goblin[Robin] (4)]
  2063 | D:3      | Slain by a goblin

Levels and vault maps discovered:
D:1:      tarquinn_simple_flora_water_b, layout_rooms
D:2:      layout_loops_cross, chequers_temple_overflow_statue_of_worship,
          chequers_ecumenical_altar_lobes, lemuel_tele_altar
D:3:      layout_basic, kiku_gazebo_garden_becter, trog_eyes_of_draining,
          uniq_robin

Skill      XL: |  1  2 |
---------------+-------+-----
Dodging        | 3 |  3.1
Fighting       | |  3.8
Polearms       | |  2.4
Shields        | |  3.4
Spellcasting   | |  0.7
Invocations    | |  0.6

Action                   || total
-------------------------++-------
Melee: Trident           ||   128
       Tailslap          ||    16
Throw: Javelin           ||     8
  Use: Scroll            ||     8
       Potion            ||     2
  Eat: Chunk             ||     3
       Ration            ||     1
Armor: Skin              ||    45
Dodge: Dodged            ||    62
Block: Shield            ||    70

Table legend:
 A = Non-vault XP
 B = Vault XP
 C = Vault XP percentage of total XP
 D = Non-vault monster count
 E = Vault monster count
 F = Vault count percentage of total count
                 A         B        C        D         E       F
            +---------+---------+-------+---------+---------+-------
      Total |      77 |      15 |  16.3 |      37 |       8 |  17.8
            +---------+---------+-------+---------+---------+-------
        D:1 |      49 |       0 |   0.0 |      22 |       0 |   0.0
        D:2 |      22 |       0 |   0.0 |      10 |       0 |   0.0
        D:3 |       6 |      15 |  71.4 |       5 |       8 |  61.5
            +---------+---------+-------+---------+---------+-------
